 Dungeon Crawl Stone Soup version 0.27.1-35-g4d5d836560 (console) character file.

Game seed: 2658065690201914435

94485 Banquo the Severer (level 16, 0/134 HPs)
             Began as a Formicid Fighter on Feb 21, 2022.
             Was the Champion of Elyvilon.
             Constricted to death by a naga warrior (5 damage)
             ... on level 2 of the Snake Pit on Feb 22, 2022.
             The game lasted 02:22:31 (32322 turns).

Banquo the Severer (Formicid Fighter)              Turns: 32322, Time: 02:22:32

Health: 0/134      AC: 24    Str: 25    XL:     16   Next: 60%
Magic:  23/23      EV:  6    Int: 11    God:    Elyvilon [******]
Gold:   2816       SH: 15    Dex: 10    Spells: 15/15 levels left

rFire    . . .     SeeInvis +   a - +0 battleaxe (freeze)
rCold    + . .     Faith    .   i - +1 kite shield
rNeg     + + .     Spirit   .   d - +2 plate armour {rC+}
rPois    +         Reflect  .   (helmet unavailable)
rElec    .         Harm     .   e - +1 cloak {Will+}
rCorr    .         Rampage  .   g - +1 pair of gloves {archery}
Will     ++...                  f - +1 pair of boots {Fly}
Stlth    ..........             W - amulet of regeneration
HPRegen  1.32/turn              P - ring of the Harvest {rPois rN++}
MPRegen  0.18/turn              K - +4 ring of slaying

@: flying, constricted
A: permanent stasis, dig shafts and tunnels, antennae 3, four strong arms
a: Dig, Shaft Self, Renounce Religion, Lesser Healing, Heal Other, Purification,
Greater Healing, Divine Vigour, Divine Protection


You were on level 2 of the Snake Pit.
You worshipped Elyvilon.
Elyvilon was exalted by your worship.
You visited 5 branches of the dungeon, and saw 23 of its levels.
You also visited: Ice Cave.

You collected 3829 gold pieces.
You spent 1013 gold pieces at shops.

Inventory:

Hand Weapons
 a - a +0 battleaxe of freezing (weapon)
 b - a +1 vorpal battleaxe
 c - the +6 trident of Evisceration {vorpal, rElec}
   (You bought it in a shop on level 4 of the Dungeon)

   It inflicts extra damage upon your enemies.
   rElec:     It insulates you from electricity.
 j - a +1 war axe of flaming
 s - the +7 flail of the Open Hand {venom, rC+ Stlth+}
   (You bought it in a shop on level 1 of the Snake Pit)

   It poisons the flesh of those it strikes.
   rC:        It protects you from cold.
   Stlth:     It makes you more stealthy.
 v - the +1 long sword of Sunlight {freeze, rPois Str+3 Int-2 Stlth+}
   (You found it on level 1 of the Snake Pit)

   It freezes those it strikes, dealing additional cold damage.
   It can also slow down cold-blooded creatures.
   Str:       It affects your strength (+3).
   Int:       It affects your intelligence (-2).
   rPois:     It protects you from poison.
   Stlth:     It makes you more stealthy.
 y - a +3 great mace of protection
Missiles
 h - 5 javelins
 l - 43 bolts
 o - 213 stones
 t - 47 boomerangs
 G - 4 throwing nets
Armour
 d - a +2 plate armour of cold resistance (worn)
 e - a +1 cloak of willpower (worn)
 f - a +1 pair of boots of flying (worn)
 g - a +1 pair of gloves of archery (worn)
 i - a +1 kite shield (worn)
Jewellery
 q - a ring of wizardry
 w - a ring of magical power
 B - a ring of resist corrosion
 D - a ring of willpower
 F - a ring of protection from fire
 K - a +4 ring of slaying (right hand)
 P - the ring of the Harvest (left hand) {rPois rN++}
   (You found it in an ice cave)

   [ring of poison resistance]

   rPois:     It protects you from poison.
   rN:        It greatly protects you from negative energy.
 U - a ring of ice
 W - an amulet of regeneration (around neck)
Wands
 u - a wand of flame (115)
 M - a wand of iceblast (15)
 O - a wand of mindburst (12)
Scrolls
 k - 3 scrolls of summoning
 m - 6 scrolls of magic mapping
 r - 4 scrolls of identify
 z - a scroll of fog
 J - 2 scrolls of fear
Potions
 n - 7 potions of curing
 p - 6 potions of magic
 x - 3 potions of might
 I - a potion of resistance
 N - 3 potions of ambrosia
 Q - a potion of cancellation
 X - 2 potions of heal wounds
 Z - a potion of invisibility


   Skills:
 * Level 14.3 Fighting
 * Level 16.5 Axes
 * Level 10.5 Armour
 + Level 5.0 Dodging
 - Level 15.0 Shields
 * Level 10.2 Invocations


You had 15 spell levels left.
You didn't know any spells.
Your spell library contained the following spells:

 Spells                   Type           Power      Damage    Failure   Level
 Magic Dart               Conj           0%         1d3       98%         1
 Sandblast                Erth           0%         2d4       98%         1
 Sting                    Tmut/Pois      0%         1d3       98%         1
 Summon Small Mammal      Summ           0%         N/A       98%         1
 Call Imp                 Summ           0%         N/A       99%         2
 Passwall                 Tmut/Erth      0%         N/A       99%         2
 Poisonous Vapours        Pois/Air       0%         N/A       99%         2
 Static Discharge         Conj/Air       0%         N/A       99%         2
 Sublimation of Blood     Necr           0%         N/A       99%         2
 Wereblood                Tmut           0%         N/A       99%         2
 Call Canine Familiar     Summ           0%         N/A       100%        3
 Conjure Flame            Conj/Fire      0%         6-21      100%        3
 Dazzling Flash           Conj/Hex       0%         N/A       100%        3
 Ignite Poison            Fire/Tmut/Pois 0%         N/A       100%        3
 Mephitic Cloud           Conj/Pois/Air  0%         N/A       100%        3
 Spider Form              Tmut/Pois      0%         N/A       100%        3
 Summon Guardian Golem    Hex/Summ       0%         N/A       100%        3
 Dispel Undead            Necr           0%         3d6       100%        4
 Iskenderun's Mystic Bla  Conj/Tloc      0%         2d3       100%        4
 Olgreb's Toxic Radiance  Pois           0%         N/A       100%        4
 Sticky Flame             Conj/Fire      0%         2d3       100%        4
 Summon Lightning Spire   Summ/Air       0%         N/A       100%        4
 Lee's Rapid Deconstruct  Erth           0%         3d5*      100%        5
 Summon Forest            Summ/Tloc      0%         N/A       100%        5
 Summon Mana Viper        Hex/Summ       0%         N/A       100%        5
 Dispersal                Tloc           0%         N/A       100%        6
 Eringya's Noxious Bog    Tmut/Pois      0%         N/A       100%        6
 Shadow Creatures         Summ           N/A        N/A       100%        6
 Starburst                Conj/Fire      0%         6d3       100%        6
 Storm Form               Tmut/Air       0%         N/A       100%        7
 Summon Hydra             Summ           0%         N/A       100%        7
 Disjunction              Tloc           0%         N/A       100%        8
 Maxwell's Capacitive Co  Air            0%         ∞         100%        8
 Chain Lightning          Conj/Air       0%         N/A       100%        9


Dungeon Overview and Level Annotations

Branches:
Dungeon (12/15)            Temple (1/1) D:5            Lair (6/6) D:10
  Swamp (0/4) Lair:2        Snake (2/4) Lair:4        Slime (0/5) Lair:5
    Orc (2/2) D:12            Elf (0/3) Orc:2         IceCv (visited)

Altars:
Ashenzari
Cheibriados
Dithmenos
Elyvilon
Fedhas
Gozag
Hepliaklqana
Kikubaaqudgha
Makhleb
Nemelex Xobeh
Okawaru
Qazlal
Ru
Sif Muna
Trog
Uskayaw
Vehumet
Wu Jian
Xom
Yredelemnul
Zin
The Shining One
Beogh

Shops:
D:4 *   D:7 *   D:9 [   D:10 (   Orc:1 :   Orc:2 :[??   Snake:1 **(*

Annotations:
D:2 Sigmund
Lair:3 3 runed translucent doors, Zippel's ghost, journeyman DrAE
Lair:5 3 runed translucent doors, exclusion: 2 oklob plants, Panli's ghost, journeyman CeAM


Innate Abilities, Weirdness & Mutations

You cannot be hasted, slowed, berserked, paralysed or teleported.
You can dig through walls and to a lower floor.
You have a pair of large antennae on your head. (SInv)
Your four strong arms can wield two-handed weapons with a shield.


Message History

You block the naga warrior's attack.
You slash the naga warrior! You freeze the naga warrior.
The naga warrior is moderately wounded.
The naga warrior hits you with a +0 long sword!
You block the naga warrior's attack.
You slice the naga warrior!! You freeze the naga warrior.
The naga warrior is heavily wounded.
The naga warrior spits poison at you. You block the splash of poison.
You closely miss the naga warrior.
The naga warrior is heavily wounded.
You closely miss the naga warrior.
The naga warrior is heavily wounded.
The naga warrior spits poison at you. You block the splash of poison.
Your plate armour prevents you from hitting the naga warrior.
The naga warrior is heavily wounded.
You block the naga warrior's attack. The naga warrior closely misses you.
You slice the naga warrior!! You freeze the naga warrior.
The naga warrior is almost dead.
The naga warrior hits you with a +0 long sword!
The naga warrior grabs you. The naga warrior constricts you.
You closely miss the naga warrior.
The naga warrior is severely wounded.
The naga warrior hits you with a +0 long sword!
* * * LOW HITPOINT WARNING * * *
The naga warrior constricts you.
* * * LOW HITPOINT WARNING * * *
Your plate armour prevents you from hitting the naga warrior.
The naga warrior is severely wounded.
The naga warrior hits you with a +0 long sword!!
* * * LOW HITPOINT WARNING * * *
The naga warrior constricts you.
* * * LOW HITPOINT WARNING * * *
You closely miss the naga warrior.
The naga warrior is severely wounded.
The naga warrior hits you with a +0 long sword.
* * * LOW HITPOINT WARNING * * *
The naga warrior constricts you.
You die...

......##..##..##.......
+.....##.
......##..##..##.....#
####### .
......##...#.......S#
......##..#N........#
......##..##N.....).#
......##..##........#
################.####
#N## ##@# ###


You could see a naga warrior.

Vanquished Creatures
  An azure jelly (IceCv)
  3 orc warlords (Orc:1)
  A quicksilver ooze (IceCv)
  Josephine (Lair:5)
  An ettin (Orc:2)
  An ice dragon (Lair:6)
  3 naga warriors
  Harold (D:8)
  A boulder beetle (Lair:2)
  9 hydras
  A merfolk avatar (Lair:6)
  An anaconda (Snake:2)
  An ogre mage (D:12)
  A catoblepas (Lair:4)
  6 two-headed ogres
  4 death yaks
  Urug (Lair:1)
  A shock serpent (Snake:1)
  3 naga sharpshooters (Snake:1)
  Nergalle (Lair:4)
  4 orc high priests (Orc:2)
  Sonja (D:10)
  A fire crab (Lair:4)
  A skeletal warrior (D:8)
  A deep elf pyromancer (D:8)
  5 orc knights
  Pikel (D:8)
  A lindwurm (Lair:6)
  A naga ritualist (Snake:1)
  5 mana vipers
  An orc sorcerer (Orc:2)
  An ugly thing (D:12)
  4 manticores
  An ice statue (IceCv)
  A guardian serpent (Snake:2)
  2 naga magi (Snake:1)
  18 black mambas
  4 torpor snails
  12 cane toads
  A gargoyle (D:12)
  An unseen horror (D:10)
  Maggie (D:8)
  2 kobold demonologists (D:12)
  4 rime drakes
  12 komodo dragons
  Psyche (D:8)
  An efreet (D:12)
  6 entropy weaver simulacra (IceCv)
  8 trolls
  4 wind drakes (Lair:6)
  A hornet (Lair:6)
  5 polar bears
  23 slime creatures
  8 blink frogs
  2 dream sheep (Lair:6)
  A shadow (D:10)
  5 basilisks
  A spriggan (Lair:4)
  6 wraiths
  8 wyverns
  19 yaks
  7 steam dragons
  Menkaure (D:5)
  7 wargs
  4 demonic crawler simulacra (IceCv)
  8 nagas
  19 water moccasins
  Duvessa (D:5)
  A black bear (Lair:4)
  37 orc warriors
  A necrophage (D:5)
  3 ice beasts
  2 hornet zombies
  3 ugly thing simulacra (IceCv)
  13 ogres
  4 centaurs
  11 wolves
  2 lemures (D:8)
  2 kobold brigands
  20 bullfrogs
  2 scorpions
  2 gnoll sergeants
  Dowan (D:5)
  2 glowing shapeshifter simulacra (IceCv)
  6 killer bees (D:10)
  6 wights
  A howler monkey (D:7)
  An electric eel (Lair:3)
  2 centaur zombies
  A bullfrog zombie (D:6)
  12 hounds
  A centaur skeleton (D:5)
  A gnoll shaman (D:5)
  34 orc priests
  Crazy Yiuf (D:6)
  A bullfrog skeleton (D:3)
  Jessica (D:2)
  32 orc wizards
  7 hell rats (Lair:2)
  A killer bee zombie (D:8)
  2 hound skeletons
  13 gnolls
  A howler monkey skeleton (D:7)
  7 adders
  2 shadow imps (D:7)
  4 white imps
  An ufetubus (D:6)
  An adder skeleton (D:4)
  2 worms
  2 dart slugs
  110 orcs
  5 bats
  2 bat zombies (D:10)
  11 endoplasms
  2 giant cockroaches
  6 goblins
  7 hobgoblins
  4 jackals (D:1)
  2 quokkas
  6 ball pythons
  3 frilled lizards
  15 kobolds
  5 rats
  A rat zombie (D:10)
702 creatures vanquished.

Vanquished Creatures (others)
  An electric eel (D:10)
  An adder skeleton (D:4)
  41 fungi
  62 plants
105 creatures vanquished.

Grand Total: 807 creatures vanquished

Notes
Turn   | Place    | Note
-------+----------+-------------------------------------------
     0 | D:1      | Banquo the Formicid Fighter began the quest for the Orb.
     0 | D:1      | Reached XP level 1. HP: 18/18 MP: 1/1
    92 | D:1      | Reached XP level 2. HP: 24/24 MP: 2/2
   273 | D:1      | Reached skill level 3 in Axes
   393 | D:1      | Reached XP level 3. HP: 29/29 MP: 3/3
  1025 | D:2      | Reached skill level 4 in Axes
  1025 | D:2      | Reached XP level 4. HP: 35/35 MP: 4/4
  1058 | D:2      | Found an ancient bone altar of Kikubaaqudgha.
  1203 | D:2      | Noticed Sigmund
  1206 | D:2      | You fall into a shaft and drop 2 floors!
  1255 | D:4      | Found Decrutt's General Store.
  1544 | D:4      | Found a blossoming altar of Fedhas.
  1555 | D:4      | Reached XP level 5. HP: 40/41 MP: 5/5
  1646 | D:4      | Reached skill level 5 in Axes
  1781 | D:3      | Identified a scroll of acquirement
  1811 | D:3      | Acquired 826 gold pieces
  1884 | D:4      | Bought a scroll of summoning for 95 gold pieces
  1884 | D:4      | Bought a potion of might for 40 gold pieces
  1884 | D:4      | Bought a scroll of noise for 10 gold pieces
  1884 | D:4      | Bought the +6 trident of Evisceration {vorpal, rElec} for
                  | 492 gold pieces
  2166 | D:2      | Noticed Jessica
  2178 | D:2      | Killed Jessica
  2179 | D:2      | Reached XP level 6. HP: 47/47 MP: 6/6
  2636 | D:3      | Reached skill level 6 in Axes
  3000 | D:3      | Found a faded altar of an unknown god.
  3008 | D:3      | Became a worshipper of Elyvilon the Healer
  3008 | D:3      | Reached * piety under Elyvilon
  3263 | D:4      | You fall into a shaft and drop 3 floors!
  3452 | D:7      | Reached XP level 7. HP: 48/52 MP: 7/7
  3521 | D:6      | Reached skill level 1 in Dodging
  3521 | D:6      | Reached skill level 1 in Invocations
  3770 | D:6      | Reached skill level 7 in Axes
  3914 | D:5      | Entered Level 5 of the Dungeon
  3914 | D:5      | Noticed Menkaure
  3914 | D:5      | Reached ** piety under Elyvilon
  3918 | D:5      | Killed Menkaure
  3919 | D:5      | Reached XP level 8. HP: 44/60 MP: 9/9
  3981 | D:5      | Noticed Dowan
  3987 | D:5      | Noticed Duvessa
  3995 | D:5      | Killed Duvessa
  3998 | D:5      | Killed Dowan
  3999 | D:5      | Reached skill level 5 in Shields
  4186 | D:4      | Found a white marble altar of Elyvilon.
  4398 | D:5      | Reached skill level 5 in Fighting
  4437 | D:5      | Reached skill level 5 in Armour
  4505 | D:5      | Reached XP level 9. HP: 61/68 MP: 11/11
  4680 | D:5      | Found a staircase to the Ecumenical Temple.
  4749 | D:5      | Found an opulent altar of Gozag.
  5109 | Temple   | Entered the Ecumenical Temple
  5431 | D:6      | Found a burning altar of Makhleb.
  5486 | D:6      | Reached *** piety under Elyvilon
  5496 | D:6      | Found a runed translucent door.
  5497 | D:6      | Noticed Crazy Yiuf
  6221 | D:7      | Found Kydd's Assorted Antiques.
  6388 | D:7      | Noticed a two-headed ogre
  6397 | D:7      | Killed a two-headed ogre
  6595 | D:7      | Bought a scroll labelled NOIHEI NUZXY for 36 gold pieces
  6595 | D:7      | Bought a lumpy dark potion for 32 gold pieces
  6709 | D:7      | Reached XP level 10. HP: 50/77 MP: 13/13
  7263 | D:7      | Reached skill level 8 in Axes
  7325 | D:6      | Killed Crazy Yiuf
  7779 | D:8      | Reached **** piety under Elyvilon
  7834 | D:8      | Noticed Pikel
  7852 | D:8      | Killed Pikel
  7930 | D:8      | Noticed a manticore
  8075 | D:8      | Noticed a manticore
  8089 | D:8      | Killed a manticore
  8169 | D:8      | Noticed a deep elf pyromancer
  8173 | D:8      | Killed a deep elf pyromancer
  8174 | D:8      | Reached skill level 5 in Invocations
  8202 | D:8      | Noticed a skeletal warrior
  8224 | D:8      | Killed a skeletal warrior
  8225 | D:8      | Reached XP level 11. HP: 53/86 MP: 14/14
  8461 | D:8      | Killed a manticore
  8703 | D:8      | Noticed Harold
  8710 | D:8      | Killed Harold
  9223 | D:8      | Noticed Maggie
  9250 | D:8      | Killed Maggie
  9669 | D:8      | Noticed a red ugly thing
  9672 | D:8      | Pacified a red ugly thing
  9911 | D:8      | Noticed Psyche
  9925 | D:8      | Killed Psyche
 10627 | D:9      | Found Gubatax's Armour Emporium.
 10934 | D:9      | Found a sparkling altar of Nemelex Xobeh.
 10998 | D:10     | Entered Level 10 of the Dungeon
 11007 | D:10     | Reached skill level 10 in Armour
 11158 | D:10     | Noticed Sonja
 11172 | D:10     | Killed Sonja
 11173 | D:10     | Reached skill level 10 in Shields
 11899 | D:10     | Found a staircase to the Lair.
 11938 | D:10     | Reached XP level 12. HP: 88/95 MP: 16/16
 12141 | D:10     | Found Lugipok's Antique Weapon Shoppe.
 12164 | D:10     | Found an ancient bone altar of Kikubaaqudgha.
 12584 | Lair:1   | Entered Level 1 of the Lair of Beasts
 12591 | Lair:1   | Noticed Urug
 12613 | Lair:1   | Killed Urug
 12614 | Lair:1   | Reached skill level 9 in Axes
 13094 | Lair:1   | Reached skill level 5 in Dodging
 13260 | Lair:1   | Noticed an eight-headed hydra
 13277 | Lair:1   | Killed an eight-headed hydra
 13447 | Lair:1   | Reached skill level 10 in Fighting
 14005 | Lair:2   | Found a staircase to the Swamp.
 14011 | Lair:2   | Reached ***** piety under Elyvilon
 14062 | Lair:2   | Noticed a four-headed hydra
 14073 | Lair:2   | Killed a four-headed hydra
 14105 | Lair:2   | You fall into a shaft and drop 2 floors!
 14892 | Lair:2   | Noticed a seven-headed hydra
 14906 | Lair:2   | Killed a seven-headed hydra
 15408 | Lair:2   | Reached XP level 13. HP: 69/106 MP: 18/18
 15985 | Lair:2   | Noticed a boulder beetle
 16033 | Lair:2   | Killed a boulder beetle
 16490 | Lair:3   | Noticed a five-headed hydra
 16501 | Lair:3   | Killed a five-headed hydra
 16980 | Lair:3   | Noticed Zippel's ghost (journeyman DrAE)
 16983 | Lair:3   | Noticed an eight-headed hydra
 17070 | Lair:3   | Found a runed translucent gate.
 17070 | Lair:3   | Found a runed translucent gate.
 17070 | Lair:3   | Found a runed translucent gate.
 17314 | Lair:4   | Noticed Nergalle
 17334 | Lair:4   | Killed Nergalle
 17663 | Lair:4   | Found a staircase to the Snake Pit.
 17993 | Lair:4   | Noticed a seven-headed hydra
 18001 | Lair:4   | Killed a seven-headed hydra
 18002 | Lair:4   | Reached skill level 10 in Axes
 18382 | Lair:4   | Noticed a catoblepas
 18422 | Lair:4   | Noticed an eight-headed hydra
 18433 | Lair:4   | Killed an eight-headed hydra
 19366 | Lair:4   | Killed a catoblepas
 19680 | Lair:4   | Identified the +1 ring mail "Orchev" {-Tele Will+ MP+9
                  | Str+3}
 20023 | Lair:4   | Reached XP level 14. HP: 99/116 MP: 20/20
 20686 | Lair:5   | Reached ****** piety under Elyvilon
 20811 | Lair:5   | You fall into a shaft and drop 1 floor!
 20811 | Lair:6   | Entered Level 6 of the Lair of Beasts
 21412 | Lair:5   | Found a runed translucent gate.
 21412 | Lair:5   | Found a runed translucent gate.
 21412 | Lair:5   | Found a runed translucent gate.
 21418 | Lair:5   | Noticed Panli's ghost (journeyman CeAM)
 21595 | Lair:5   | Noticed Josephine
 21615 | Lair:5   | Killed Josephine
 21654 | Lair:5   | Found a staircase to the Slime Pits.
 22097 | Lair:6   | Reached skill level 11 in Axes
 24267 | Lair:6   | Identified the +8 dagger "Vubokhog" {antimagic, Str+2 Int-2
                  | Dex+4}
 24830 | D:11     | Found a frozen archway.
 24844 | IceCv    | Entered an ice cave
 24881 | IceCv    | Reached skill level 12 in Axes
 25240 | IceCv    | Found a viscous altar of Jiyva.
 25240 | IceCv    | Noticed an azure jelly
 25250 | IceCv    | Killed an azure jelly
 25251 | IceCv    | Reached XP level 15. HP: 63/125 MP: 22/22
 25337 | IceCv    | Identified the ring of the Harvest {rPois rN++}
 25741 | IceCv    | Reached skill level 13 in Axes
 25812 | IceCv    | Noticed a quicksilver ooze
 25836 | IceCv    | Killed a quicksilver ooze
 26395 | D:11     | Found a shadowy altar of Dithmenos.
 26697 | D:12     | Reached skill level 14 in Axes
 27070 | D:12     | Found a staircase to the Orcish Mines.
 27359 | Orc:1    | Entered Level 1 of the Orcish Mines
 27414 | Orc:1    | Found Ussicee's Book Emporium.
 27582 | Orc:1    | Noticed an orc warlord
 27603 | Orc:1    | Killed an orc warlord
 27698 | Orc:1    | Noticed an orc warlord
 27734 | Orc:1    | HP: 5/125 [orc warlord (3)]
 27745 | Orc:1    | Killed an orc warlord
 27884 | Orc:1    | Reached skill level 15 in Axes
 28392 | Orc:1    | Noticed an orc warlord
 28420 | Orc:1    | Killed an orc warlord
 28589 | Orc:1    | Got the Incunabulum of Destructive Transformation
 29309 | Orc:2    | Entered Level 2 of the Orcish Mines
 29834 | Orc:2    | Reached XP level 16. HP: 130/133 MP: 23/23
 30462 | Orc:2    | Found Deneoroept's Armour Shoppe.
 30469 | Orc:2    | Found Nihenaq's Book Shoppe.
 30473 | Orc:2    | Found Oxkojuk's Magic Scroll Emporium.
 30473 | Orc:2    | Found Fyffan's Magic Scroll Emporium.
 30492 | Orc:2    | Bought a +1 pair of boots of flying for 181 gold pieces
 30645 | Orc:2    | Found a staircase to the Elven Halls.
 30871 | Snake:1  | Entered Level 1 of the Snake Pit
 30882 | Snake:1  | Reached skill level 16 in Axes
 31231 | Snake:1  | Reached skill level 10 in Invocations
 31655 | Snake:1  | Found Gyumud's Assorted Antiques.
 31655 | Snake:1  | Found Ryoniel's Assorted Antiques.
 31656 | Snake:1  | Found Ifid's Assorted Antiques.
 31658 | Snake:1  | Found Decoin's Antique Weapon Boutique.
 31672 | Snake:1  | Bought a fading flail for 127 gold pieces
 31672 | Snake:1  | Identified the +7 flail of the Open Hand {venom, rC+
                  | Stlth+} (You bought it in a shop on level 1 of the Snake
                  | Pit)
 31698 | Snake:1  | Identified the +1 long sword of Sunlight {freeze, rPois
                  | Str+3 Int-2 Stlth+}
 32161 | Snake:2  | Reached skill level 15 in Shields
 32322 | Snake:2  | HP: 5/134 [naga warrior (6)]
 32322 | Snake:2  | Constricted to death by a naga warrior

Illustrated notes

Levels and vault maps discovered:
D:1:      lightli_arrival_quake, layout_basic, amcnicky_mini_corridor_feature
D:2:      layout_loops_ring, basic_altar, minmay_box_of_dots, uniq_jessica,
          uniq_sigmund
D:3:      layout_loops_ring, ebering_ecumenical_altar_mist
D:4:      layout_cave_pools, mainiacjoe_overflow_brackets,
          mainiacjoe_overflow_small_starburst, serial_shops,
          nicolae_diamond_shop, lemuel_flame_loot_1
D:5:      layout_rooms, lemuel_round_altar, minmay_temple_entry_poolview,
          nrook_uturn, serial_bayou_pond_d, minmay_misc_feat_square,
          chequers_serial_rivers_room_a, uniq_menkaure, uniq_duvessa
D:6:      layout_basic, makhleb_heckhound_becter, minmay_misc_feat_alley,
          serial_bayou_crossing, uniq_crazy_yiuf_cottage
D:7:      kennysheep_steamy, layout_rooms, nicolae_stop_n_shop_1
D:8:      layout_layer_cave, minmay_the_grid_2x2 [minmay_the_grid_large_cup,
          minmay_the_grid_x, minmay_the_grid_expand,
          minmay_the_grid_prize_inner_circle], uniq_pikel, uniq_maggie,
          uniq_psyche, uniq_harold
D:9:      layout_roguey [special_room_orc], nemelex_altar_shiori, serial_shops,
          nicolae_shop_waterfront, bh_walls_and_bars
D:10:     layout_gridville, lemuel_zombie_altar_kikubaaqudgha, erik_lair_island,
          serial_shops, shop, uniq_sonja
D:11:     layout_cross, portal_ice_cave_rime, nicolae_zen_rock_garden,
          nicolae_dithmenos_the_darkroom
D:12:     layout_rooms, orc_0_dummy
Temple:   eino_temple_scatter_basement
Lair:1:   layout_cave_pods, grunt_megastairs_2, uniq_urug
Lair:2:   layout_cave_pods, swamp_mist, chequers_serial_rivers_marsh,
          fungi_pond_lemuel
Lair:3:   layout_concentric_octagons, gammafunk_ghost_split, fungi_pond_lemuel,
          serial_bayou_shore_a, infiniplex_staircase_pool_2
Lair:4:   nzn_winding_woodlands_large [nzn_winding_woodlands_hourglass,
          nzn_winding_woodlands_5x15_longhouse,
          nzn_winding_woodlands_5x5_default,
          nzn_winding_woodlands_center_triple_pond,
          nzn_winding_woodlands_15x15_eel_pit,
          nzn_winding_woodlands_center_garden,
          nzn_winding_woodlands_5x5_default, nzn_winding_woodlands_5x15_cabin,
          nzn_winding_woodlands_5x5_cross], layout_loops_ring,
          guppyfry_snake_entry_garden, forest_entry_grove, uniq_nergalle
Lair:5:   layout_layer_cave, minmay_slime_entry_oklob_enclosed,
          ebering_ghost_rock_garden, grunt_megastairs_1, uniq_josephine
Lair:6:   gammafunk_lair_ancient_temple, layout_small_grid, minmay_hedge_maze,
          bobbens_ice_dragon_lair
Snake:1:  layout_gridlike, lemuel_fruit_tree, minmay_shoptagon
Snake:2:  layout_grid_maze, serial_shops, shop, uniq_vashnia
Orc:1:    layout_caves, serial_shops, shop, basic_altar, minmay_orc_treasury
Orc:2:    st_orc_mages, layout_caves, mines2_david

Skill      XL: |  1  2  3  4  5  6  7  8  9 10 11 12 13 14 15 16 |
---------------+-------------------------------------------------+-----
Axes           | 3 4 5 6 7 8 9 10 12 15 16 | 16.5
Dodging        | 1 2 3 4 5 |  5.0
Shields        | 4 5 7 8 10 12 13 14 15 | 15.0
Invocations    | 1 3 4 5 6 7 8 9 10 | 10.2
Fighting       | 4 5 6 7 9 11 12 13 14 | 14.3
Armour         | 4 5 7 9 10 | 10.5

Action                   |  1- 3 |  4- 6 |  7- 9 | 10-12 | 13-15 | 16-18 || total
-------------------------+-------+-------+-------+-------+-------+-------++-------
Melee: War axe           |    78 |    90 |       |       |       |       ||   168
       Trident           |       |    75 |   166 |   551 |   383 |     2 ||  1177
       Unarmed           |       |       |       |     4 |       |       ||     4
       Battleaxe         |       |       |       |       |   844 |   378 ||  1222
Invok: Heal Other        |       |       |     1 |     7 |     1 |       ||     9
       Greater Healing   |       |       |       |     2 |     4 |     1 ||     7
       Lesser Healing    |       |       |       |       |     3 |       ||     3
 Abil: Dig               |     1 |     9 |    11 |    32 |    49 |    23 ||   125
       Shaft Self        |       |     1 |       |     1 |     1 |       ||     3
Evoke: Wand              |       |       |       |       |     4 |       ||     4
  Use: Scroll            |       |     5 |       |    17 |     6 |       ||    28
 Stab: Petrified         |       |       |       |       |     3 |       ||     3
       Petrifying        |       |       |       |       |     1 |       ||     1
Armor: Scale mail        |    43 |    46 |       |       |       |       ||    89
       Chain mail        |       |     6 |    40 |       |    34 |       ||    80
       Plate armour      |       |       |       |   181 |   300 |    78 ||   559
       Skin              |       |       |       |     2 |       |       ||     2
Dodge: Dodged            |    26 |    33 |    36 |   124 |   244 |    45 ||   508
Block: Kite shield       |    43 |    69 |    60 |   293 |   667 |   153 ||  1285
